 Dungeon Crawl Stone Soup version 0.26-a0-466-g989023bd0d (webtiles) character file.

Game seed: 13136272224600510658

204 WarriorsX the Skirmisher (level 6, -1/48 HPs)
             Began as a Human Fighter on Aug 13, 2020.
             Slain by a wight
             ... wielding a cursed +5 trident
              (10 damage)
             ... on level 3 of the Dungeon.
             The game lasted 00:18:38 (3326 turns).

WarriorsX the Skirmisher (Human Fighter)            Turns: 3326, Time: 00:18:39

Health: -1/48      AC:  7    Str: 18    XL:     6   Next: 9%
Magic:  7/7        EV:  9    Int:  8    God:
Gold:   168        SH:  0    Dex: 13    Spells: 7/7 levels left

rFire    . . .     SeeInvis .   a - +0 long sword
rCold    . . .     Faith    .   (no shield)
rNeg     . . .     Spirit   .   b - +0 scale mail
rPois    .         Reflect  .   (no helmet)
rElec    .         Harm     .   (no cloak)
rCorr    .                      j - +0 pair of gloves
MR       .....                  (no boots)
Stlth    ..........             c - amulet of magic regeneration
HPRegen  0.16/turn              (no ring)
MPRegen  0.35/turn              (no ring)

@: heavily drained
A: no striking features
a: no special abilities


You were on level 3 of the Dungeon.
You visited 1 branch of the dungeon, and saw 3 of its levels.

You collected 168 gold pieces.

Inventory:

Hand Weapons
 a - a +0 long sword (weapon)
Armour
 b - a +0 scale mail (worn)
 j - a +0 pair of gloves (worn)
Jewellery
 c - an amulet of magic regeneration (around neck)
Wands
 n - a wand of iceblast (10)
 p - a wand of polymorph (4)
Scrolls
 e - a scroll of amnesia {unknown}
 g - a scroll of fear {unknown}
 h - a scroll of immolation {unknown}
 k - a scroll of teleportation {unknown}
 m - 2 scrolls of remove curse
 o - a scroll of enchant armour {unknown}
 r - a scroll of identify {unknown}
Potions
 d - 2 potions of might
 f - a potion of lignification {unknown}
 i - 2 potions of curing {unknown}
 l - a potion of haste {unknown}
 q - a potion of flight {unknown}


   Skills:
 - Level 4.0(2.0) Fighting
 + Level 4.0(2.1) Long Blades
 - Level 4.0(2.0) Armour
   Level 3.0(1.1) Shields
 + Level 1.3(0.0) Spellcasting


You had 7 spell levels left.
You didn't know any spells.
Your spell library was empty.

Dungeon Overview and Level Annotations

Branches:
Dungeon (3/15)

Altars:
Fedhas
Qazlal
Vehumet
Xom
The Shining One

Annotations:
D:3 3 runed translucent doors, kae's ghost, amateur DsGl


Message History

The wight barely misses you.
You closely miss the wight. The wight closely misses you.
You riposte.
You closely miss the wight. You barely miss the wight.
The wight hits you with a cursed +5 trident.
You feel drained.
You hit the wight.
The wight is heavily damaged.
The wight barely misses you.
You hit the wight but do no damage.
The wight is heavily damaged.
The wight hits you with a cursed +5 trident.
* * * LOW HITPOINT WARNING * * *
You feel drained.
* * * LOW HITPOINT WARNING * * *
You hit the wight but do no damage.
The wight is heavily damaged.
The wight barely misses you.
The wight hits you with a cursed +5 trident!
You die...

.....#######.###.........
.....# #.# #.......z..
###### #.# ..... .. #.#
... ... #.# ... ... #.#
#z# .. #.# #.#.#
#.#####...# #..[.@z...#
#########..# ..... #...#
#..# #.. #.


You could see a wight.

Vanquished Creatures
  A wight (D:3)
  Terence (D:3)
  5 gnolls
  An ooze (D:1)
  A worm (D:3)
  2 dart slugs
  4 leopard geckos
  4 orcs (D:3)
  2 ball pythons (D:1)
  5 giant cockroaches
  10 goblins
  8 hobgoblins
  3 jackals (D:1)
  2 quokkas (D:2)
  6 bats
  3 frilled lizards
  6 kobolds
  6 rats
70 creatures vanquished.

Notes
Turn   | Place    | Note
-------+----------+-------------------------------------------
     0 | D:1      | WarriorsX the Human Fighter began the quest for the Orb.
     0 | D:1      | Reached XP level 1. HP: 18/18 MP: 1/1
    62 | D:1      | Reached XP level 2. HP: 20/24 MP: 2/2
   371 | D:1      | Reached XP level 3. HP: 29/29 MP: 3/3
   766 | D:2      | Found a blossoming altar of Fedhas.
   766 | D:2      | Found a stormy altar of Qazlal.
  1010 | D:2      | Found a radiant altar of Vehumet.
  1049 | D:2      | Reached XP level 4. HP: 32/37 MP: 4/4
  1088 | D:2      | Found a faded altar of an unknown god.
  1162 | D:2      | Found a shimmering altar of Xom.
  1323 | D:2      | Reached skill level 1 in Spellcasting
  1825 | D:2      | Found a glowing golden altar of the Shining One.
  2115 | D:3      | Reached XP level 5. HP: 42/42 MP: 6/6
  2259 | D:3      | Found a runed translucent gate.
  2260 | D:3      | Found a runed translucent gate.
  2261 | D:3      | Found a runed translucent gate.
  2262 | D:3      | Noticed kae's ghost (amateur DsGl)
  2497 | D:3      | Noticed Terence
  2522 | D:3      | Killed Terence
  3064 | D:3      | Reached XP level 6. HP: 23/48 MP: 7/7
  3326 | D:3      | Slain by a wight

Illustrated notes

Levels and vault maps discovered:
D:1:      dpeg_arrival_arbitrary_c, layout_loops_cross
D:2:      layout_rooms, grunt_temple_overflow_forces_of_nature,
          tso_oasis_becter, vehumet_crystals, old_standard_altar,
          chequers_ecumenical_altar_simple_redux
D:3:      layout_basic, gammafunk_ghost_necromancy, minmay_bisected,
          uniq_terence

Skill      XL: |  1  2  3  4  5  6 |
---------------+-------------------+-----
Long Blades    | 3 4 |  4.0
Fighting       | 4 |  4.0
Spellcasting   | 1 |  1.3
Armour         | 4 |  4.0
Shields        | |  3.0

Action                   |  1- 3 |  4- 6 || total
-------------------------+-------+-------++-------
Melee: Long sword        |   111 |   125 ||   236
       Unarmed           |       |    19 ||    19
Evoke: Wand              |       |     1 ||     1
  Use: Scroll            |     1 |       ||     1
Armor: Scale mail        |    68 |    78 ||   146
Dodge: Dodged            |    74 |    81 ||   155
       Rpst.: Long sword |    20 |    25 ||    45

Table legend: (Time is in decaauts)
 A = Elapsed time spent in this place.
 B = Non-inter-level travel time spent in this place.
 C = Inter-level travel time spent in this place.
 D = Time resting spent in this place.
 E = Time spent auto-exploring this place.
 F = Levels seen in this place.
 G = Mean time per level.
                   A        B        C        D        E       F      G
               +--------+--------+--------+--------+--------+-----+--------+
         Total |   3392 |   3321 |     71 |      0 |   2118 |   3 | 1130.7 |
       Dungeon |   3392 |   3321 |     71 |      0 |   2118 |   3 | 1130.7 |
               +--------+--------+--------+--------+--------+-----+--------+

Top non-repeatable levels by time:
     D:3: 1221 daAuts
     D:1: 1096 daAuts
     D:2: 1073 daAuts
